 Dungeon Crawl Stone Soup version 0.31.0-11-ge490571c62 (webtiles) character file.

Game seed: 6435513602761927060

16627 Drazool the Geomancer (level 12, -13/78 HPs)
             Began as a Vampire Earth Elementalist on Feb 2, 2024.
             Was a High Priest of Nemelex Xobeh.
             Mangled by a cane toad (22 damage)
             ... on level 1 of the Lair of Beasts.
             The game lasted 00:42:54 (14298 turns).

Drazool the Geomancer (Vampire Earth Elementalist) Turns: 14298, Time: 00:42:54

Health: -13/78     AC:  3    Str: 16    XL:     12   Next: 11%
Magic:  19/24      EV: 17    Int: 21    God:    Nemelex Xobeh [*****.]
Gold:   353        SH:  0    Dex: 16    Spells: 8/28 levels left

rFire   . . .        n - +5 quarterstaff of Goemet {speed, rPois Str+3}
rCold   . . .        (shield currently unavailable)
rNeg    . . .        a - +1 robe
rPois   +            (no helmet)
rElec   .            x - scarf {repulsion}
rCorr   .            (no gloves)
SInv    +            (no boots)
Will    +....        G - amulet of magic regeneration
Stlth   ++           E - +5 ring of evasion
HPRegen 0.53/turn    S - +6 ring of strength
MPRegen 0.59/turn

%: repel missiles
@: healing quickly
A: alive, fangs 3, see invisible, vampiric 2
a: Exsanguinate, Renounce Religion, Draw Escape, Draw Destruction, Draw
Summoning, Triple Draw, Deal Four, Stack Five


You were on level 1 of the Lair of Beasts.
You worshipped Nemelex Xobeh.
Nemelex Xobeh was extremely pleased with you.
You visited 2 branches of the dungeon, and saw 13 of its levels.
You also visited: Bailey.

You collected 1368 gold pieces.
You spent 1015 gold pieces at shops.


Innate Abilities, Weirdness & Mutations

Your natural rate of healing is accelerated.
You have razor-sharp teeth.
You have supernaturally acute eyesight. (SInv)
You are afflicted with vampirism and can become a bat while bloodless.


   Skills:
 - Level 2.0 Fighting
 - Level 4.7 Staves
 - Level 2.1 Dodging
 - Level 3.0 Stealth
 + Level 8.8 Spellcasting
 - Level 5.0 Conjurations
 - Level 13.4 Earth Magic
 - Level 7.0 Invocations


You had 8 spell levels left.
You knew the following spells:

 Your Spells              Type           Power      Damage    Failure   Level
a - Passwall              Erth           60%        N/A       1%          3
l - Lee's Rapid Deconstr  Erth           30%        3d16*     1%          5
p - Petrify               Alch/Erth      37%        N/A       4%          4
w - Stone Arrow           Conj/Erth      96%        3d13      1%          3
z - Sandblast             Erth           100%       2d20      1%          1
X - Brom's Barrelling Bo  Conj/Erth      48%        2d7       1%          4

Your spell library contained the following spells:

 Spells                   Type           Power      Damage    Failure   Level
 Shock                    Conj/Air       76%        1d7       2%          1
 Leda's Liquefaction      Alch/Erth      18%        N/A       4%          4
 Dazzling Flash           Conj/Hex       38%        N/A       8%          3
 Lesser Beckoning         Tloc           18%        N/A       11%         2
 Scorch                   Fire           18%        2d5       11%         2
 Fugue of the Fallen      Necr           9%         N/A       22%         3
 Gell's Gravitas          Tloc           9%         N/A       22%         3
 Ozocubu's Armour         Ice            9%         N/A       22%         3
 Swiftness                Air            9%         N/A       22%         3
 Teleport Other           Tloc           9%         N/A       22%         3
 Volatile Blastmotes      Fire/Tloc      18%        2d11      22%         3
 Flame Wave               Conj/Fire      19%        2d7       26%         4
 Bombard                  Conj/Erth      24%        9d5       26%         6
 Airstrike                Air            4%         2d(1-17)  58%         4
 Manifold Assault         Tloc           9%         N/A       58%         4
 Starburst                Conj/Fire      9%         6d5       99%         6
 Summon Cactus Giant      Summ           4%         N/A       100%        6
 Maxwell's Capacitive Co  Air            4%         ∞         100%        8

Inventory:

Hand Weapons
 i - a +0 long sword
 n - the +5 quarterstaff of Goemet (weapon) {speed, rPois Str+3}
   (You acquired it on level 6 of the Dungeon)

   Str+3:     It affects your strength (+3).
   rPois:     It protects you from poison
Missiles
 m - 2 throwing nets {=f}
Armour
 a - a +1 robe (worn)
 p - a scarf of shadows
 s - an orb of mayhem
 x - a scarf of repulsion (worn)
Jewellery
 E - a +5 ring of evasion (left hand)
 F - a ring of fire
 G - an amulet of magic regeneration (around neck)
 L - a ring of flight
 S - a +6 ring of strength (right hand)
Talismans
 w - a serpent talisman
Wands
 b - a wand of acid (8)
 e - a wand of digging (3)
 q - a wand of flame (12)
 t - a wand of roots (41)
 B - a wand of charming (8)
 C - a wand of polymorph (6)
Scrolls
 d - 3 scrolls of vulnerability
 h - 2 scrolls of immolation
 j - a scroll of silence {!r}
 y - a scroll of fear
 z - 2 scrolls of identify {@r1}
 D - a scroll of poison
Potions
 c - 5 potions of haste {@q3}
 f - a potion of might
 g - 3 potions of ambrosia
 k - 2 potions of lignification
 l - 3 potions of cancellation
 o - 4 potions of attraction
 r - a potion of invisibility
 u - 4 potions of enlightenment
 v - a potion of curing {@q1}
 A - a potion of magic

Dungeon Overview and Level Annotations

Branches:
Dungeon (12/15)            Temple (0/1) D:5            Lair (1/5) D:10
    Orc (0/2) D:9          Bailey (visited)

Altars:
Cheibriados
Gozag
Hepliaklqana
Kikubaaqudgha
Makhleb
Nemelex Xobeh
Sif Muna

Shops:
D:6 (   D:9 !   D:10 (*=:

Annotations:
D:6 1 runed translucent door, michknight7's ghost, novice MiFi
D:10 3 runed translucent doors, poulshu's ghost, novice MiBe

.....#..........########
###....
.....#......##### ###
##.... .....##...###
####.####.....
.....###..####
##.....##..###. ##..##
##..#.# #........#.# ##
##### ##..###
###..........## ##.#.#
#............P#
#...###F............#
##....@.............#
#....#............##
#...#.....>.....††##
#..##..............#
#..#...............###
#.##................##
##..#.............##.#.
#..##.............##...
#..##.............###..


You could see a cane toad.


Message History

The stone arrow misses the cane toad.
You feel very sick. The cane toad closely misses you.
Unknown command.
Casting: Stone Arrow (safe; 1% risk of failure)
Confirm with . or Enter, or press ? or * to list all spells.
Aiming: Stone Arrow (safe; 1% risk of failure)
Press: ? - help, Shift-Dir - straight line, f/p - cane toad
Aim: a cane toad (moderately wounded, 79% to hit)
The stone arrow hits the cane toad!!
The cane toad is almost dead.
You feel very sick. The cane toad stings you!
* * * LOW HITPOINT WARNING * * *
Unknown command.
Aiming: Sandblast (safe; 1% risk of failure)
Press: ? - help, Q - select action, (/) - cycle Shift-Dir - straight line, f/p - cane toad
Aim: a cane toad (almost dead, 87% to hit)
The blast of sand misses the cane toad.
You feel very sick. The cane toad stings you!!
* * * LOW HITPOINT WARNING * * *
The cane toad closely misses you.
Aiming: Sandblast (safe; 1% risk of failure)
Press: ? - help, Q - select action, (/) - cycle Shift-Dir - straight line, f/p - cane toad
Aim: a cane toad (almost dead, 87% to hit)
Okay, then.
You feel better. The cane toad stings you!!
You die...
Your body glows with a rainbow of weird colours and disappears.

Skill      XL: |  1  2  3  4  5  6  7  8  9 10 11 |
---------------+----------------------------------+-----
Conjurations   | 1 2 3 5 |  5.0
Earth Magic    | 4 5 8 12 13 | 13.4
Spellcasting   | 3 4 5 8 |  8.8
Fighting       | 2 |  2.0
Invocations    | 1 4 5 7 |  7.0
Staves         | 2 4 |  4.7
Dodging        | |  2.1
Stealth        | |  3.0

Action                     |  1- 3 |  4- 6 |  7- 9 | 10-12 || total
---------------------------+-------+-------+-------+-------++-------
  Melee: Long sword        |       |    12 |     1 |       ||    13
         Bite              |       |     1 |     2 |     3 ||     6
         Quarterstaff      |       |       |    13 |    26 ||    39
   Cast: Sandblast         |    59 |    98 |   174 |   157 ||   488
         Passwall          |       |     2 |     1 |       ||     3
         Stone Arrow       |       |     5 |    49 |    37 ||    91
         Lee's Rapid Decon |       |       |       |    30 ||    30
         Petrify           |       |       |       |     9 ||     9
 Invoke: Draw Destruction  |       |     9 |     5 |    13 ||    27
         Draw Summoning    |       |     2 |     1 |       ||     3
         Draw Escape       |       |       |     1 |     3 ||     4
  Evoke: Wand              |       |       |    10 |     2 ||    12
    Use: Potion            |       |     1 |       |     4 ||     5
         Scroll            |       |     6 |     6 |     9 ||    21
   Stab: Petrified         |       |       |       |     9 ||     9
         Petrifying        |       |       |       |     1 ||     1
 Armour: Robe              |    12 |    45 |    58 |   102 ||   217
  Dodge: Dodged            |    16 |    49 |   131 |   165 ||   361
         Repelled          |       |       |     2 |     5 ||     7

Levels and vault maps discovered:
D:1:      dpeg_arrival_fog, layout_rooms, grunt_decor_arrowhead
D:2:      layout_loops_ring, nicolae_ecumenical_pavilion
D:3:      cheibrodos_greedy_goblins, layout_basic,
          mainiacjoe_overflow_cross_hatched, grunt_ministairs_11, uniq_sigmund
D:4:      layout_basic, nicolae_shop_i_like_big_books, minmay_misc_feat_roman,
          grunt_ministairs_9, corner_web_ring, kennysheep_diamond
D:5:      layout_basic, minmay_temple_entry_nine_rooms, serial_curves,
          eino_curves_01, eino_curves_01, uniq_menkaure
D:6:      minmay_recursive_quarters, layout_gridville,
          hellmonk_ghost_happy_afterlife, serial_shops, shop, uniq_maggie,
          uniq_prince_ribbit1
D:7:      layout_cave_pools, jmf_multi_god_temple
D:8:      layout_basic, nicolae_hepliaklqana_monster_ancestors, enter_bailey_5,
          kennysheep_just_a_vault
D:9:      layout_roguey, orc_0_dummy, serial_shops, shop_fountains,
          palyth_stone_intersect, minivault_25
D:10:     layout_cross, mainiacjoe_overflow_paths, due_lair_maze_entry_diamond,
          serial_shops, nicolae_shop_back_alley_shop, nicolae_shop_stone,
          nicolae_stop_n_shop_1, shop, gammafunk_ghost_hydra_chop,
          corexii_leaking_fountain
D:11:     layout_cave_pools, led_sif_pool
D:12:     nicolae_hexawheel, layout_rooms, nicolae_neqoxec_dot_bat
Lair:1:   layout_cave_pods

Notes
Turn   | Place    | Note
-------+----------+-------------------------------------------
     0 | D:1      | Drazool the Vampire Earth Elementalist began the quest for
                  | the Orb.
     0 | D:1      | Reached XP level 1. HP: 13/13 MP: 3/3
    18 | D:1      | Reached skill level 1 in Conjurations
   150 | D:1      | Reached XP level 2. HP: 19/19 MP: 1/5
   424 | D:1      | Reached skill level 2 in Conjurations
   593 | D:1      | Gained mutation: You are afflicted with vampirism and can
                  | become a bat while bloodless. [Vampire growth]
   593 | D:1      | Reached XP level 3. HP: 24/24 MP: 3/6
   623 | D:1      | Learned a level 3 spell: Passwall
  1150 | D:2      | Reached XP level 4. HP: 30/30 MP: 3/7
  1194 | D:2      | Found a faded altar of an unknown god.
  1198 | D:2      | Prayed at the altar of an unknown god.
  1198 | D:2      | Became a worshipper of Nemelex Xobeh the Trickster
  1198 | D:2      | Reached * piety under Nemelex Xobeh
  1198 | D:2      | Received a gift from Nemelex Xobeh
  1316 | D:2      | Reached skill level 4 in Earth Magic
  1472 | D:2      | Learned a level 3 spell: Stone Arrow
  2364 | D:3      | Found an opulent altar of Gozag.
  2421 | D:3      | Reached XP level 5. HP: 35/35 MP: 3/8
  2535 | D:3      | Noticed Sigmund
  2546 | D:3      | Reached skill level 5 in Earth Magic
  2547 | D:3      | Sigmund changed into Sigmund the frilled lizard
  2547 | D:3      | Noticed Sigmund
  2548 | D:3      | Killed Sigmund the frilled lizard
  2618 | D:3      | Received a gift from Nemelex Xobeh
  2814 | D:3      | Reached ** piety under Nemelex Xobeh
  3354 | D:4      | Reached skill level 3 in Spellcasting
  3515 | D:4      | Reached XP level 6. HP: 41/41 MP: 5/11
  3612 | D:4      | You fall into a shaft and drop 3 floors!
  3680 | D:7      | Found a burning altar of Makhleb.
  3685 | D:7      | Reached skill level 4 in Spellcasting
  3736 | D:7      | Found an ancient bone altar of Kikubaaqudgha.
  3736 | D:7      | Noticed an orc warrior
  3752 | D:7      | Noticed a sky beast
  3758 | D:7      | Killed a sky beast
  3759 | D:7      | Reached skill level 3 in Conjurations
  3759 | D:7      | Reached skill level 1 in Fighting
  3873 | D:7      | Identified the +0 quarterstaff "Jighas" {flame, rElec
                  | Int+3}
  3875 | D:7      | Reached skill level 2 in Fighting
  3879 | D:7      | Killed an orc warrior
  3880 | D:7      | Reached skill level 1 in Invocations
  3880 | D:7      | Reached XP level 7. HP: 48/50 MP: 10/13
  3881 | D:7      | Reached skill level 2 in Invocations
  4020 | D:7      | Reached skill level 3 in Invocations
  4169 | D:7      | Reached skill level 4 in Invocations
  4291 | D:6      | Reached XP level 8. HP: 56/56 MP: 10/15
  4361 | D:5      | Entered Level 5 of the Dungeon
  4368 | D:5      | Reached skill level 5 in Spellcasting
  4568 | D:5      | Noticed Menkaure
  4576 | D:5      | Killed Menkaure
  4577 | D:5      | Reached skill level 4 in Conjurations
  4873 | D:5      | Reached *** piety under Nemelex Xobeh
  5308 | D:5      | Reached skill level 5 in Conjurations
  5750 | D:5      | Found a staircase to the Ecumenical Temple.
  5925 | D:6      | Identified a scroll of acquirement
  5925 | D:6      | Acquired the +5 quarterstaff of Goemet {speed, rPois Str+3}
  6101 | D:6      | Noticed Prince Ribbit
  6107 | D:6      | Killed Prince Ribbit
  6108 | D:6      | Reached skill level 1 in Staves
  6108 | D:6      | Reached skill level 5 in Invocations
  6208 | D:6      | Reached skill level 2 in Staves
  6208 | D:6      | Reached XP level 9. HP: 61/61 MP: 8/16
  6210 | D:6      | Noticed Maggie
  6224 | D:6      | Killed Maggie
  6225 | D:6      | Reached skill level 3 in Staves
  6425 | D:6      | Reached skill level 4 in Staves
  6537 | D:6      | Found Kathask's Antique Weapon Shop.
  6617 | D:6      | Learned a level 4 spell: Brom's Barrelling Boulder
  6623 | D:6      | Learned a level 5 spell: Lee's Rapid Deconstruction
  6866 | D:6      | Found a runed translucent door.
  6869 | D:6      | Noticed michknight7's ghost (novice MiFi)
  6900 | D:6      | Received a gift from Nemelex Xobeh
  7185 | D:6      | Reached skill level 6 in Earth Magic
  7613 | D:7      | Reached skill level 7 in Earth Magic
  8052 | D:8      | Received a gift from Nemelex Xobeh
  8154 | D:8      | Found a flagged portal.
  8274 | D:8      | Reached skill level 8 in Earth Magic
  8378 | D:8      | Reached **** piety under Nemelex Xobeh
  8466 | Bailey   | Entered a bailey
  8518 | Bailey   | Reached XP level 10. HP: 67/67 MP: 13/17
  8712 | Bailey   | Reached skill level 9 in Earth Magic
  8769 | Bailey   | Found a burning altar of Makhleb.
  8899 | D:8      | Noticed a boulder beetle
  8918 | D:8      | Killed a boulder beetle
  8919 | D:8      | Reached skill level 10 in Earth Magic
  9324 | D:8      | Found a hazy altar of Hepliaklqana.
  9631 | D:9      | Found a staircase to the Orcish Mines.
  9866 | D:9      | Found Xeel's Distillery.
  9880 | D:9      | Reached skill level 11 in Earth Magic
  9955 | D:9      | Bought a potion of invisibility for 136 gold pieces
  9955 | D:9      | Bought a potion of heal wounds for 85 gold pieces
  9955 | D:9      | Bought a potion of haste for 170 gold pieces
  9955 | D:9      | Bought a potion of haste for 170 gold pieces
  9955 | D:9      | Bought 2 potions of enlightenment for 170 gold pieces
  9955 | D:9      | Bought a potion of magic for 136 gold pieces
 10408 | D:10     | Entered Level 10 of the Dungeon
 10418 | D:10     | Reached skill level 12 in Earth Magic
 10425 | D:10     | Found Rievyn's Antique Weapon Shop.
 10430 | D:10     | Noticed a five-headed hydra
 10443 | D:10     | Killed a five-headed hydra
 10444 | D:10     | Reached XP level 11. HP: 41/72 MP: 11/18
 10777 | D:10     | Received a gift from Nemelex Xobeh
 10777 | D:10     | Found Yngutet's Assorted Antiques.
 10803 | D:10     | Reached skill level 13 in Earth Magic
 10931 | D:10     | Found a staircase to the Lair.
 11012 | D:10     | Bought a scroll of identify for 74 gold pieces
 11012 | D:10     | Bought a scroll of identify for 74 gold pieces
 11210 | D:10     | Found a snail-covered altar of Cheibriados.
 11224 | D:10     | Found Ufuir's Book Emporium.
 11250 | D:10     | Found Urih's Jewellery Boutique.
 11267 | D:10     | Found a runed translucent gate.
 11267 | D:10     | Found a runed translucent gate.
 11267 | D:10     | Noticed an 11-headed hydra
 11267 | D:10     | Noticed a 12-headed hydra
 11268 | D:10     | Found a runed translucent gate.
 11268 | D:10     | Noticed poulshu's ghost (novice MiBe)
 11397 | D:10     | Learned a level 4 spell: Petrify
 11761 | D:11     | Identified a +2 robe of resistance
 11868 | D:11     | Received a gift from Nemelex Xobeh
 11884 | D:11     | Reached ***** piety under Nemelex Xobeh
 11959 | D:11     | Reached skill level 6 in Spellcasting
 12430 | D:11     | Received a gift from Nemelex Xobeh
 12589 | D:11     | Found a shimmering blue altar of Sif Muna.
 12748 | Lair:1   | Entered Level 1 of the Lair of Beasts
 12748 | Lair:1   | Received a gift from Nemelex Xobeh
 12790 | Lair:1   | Reached skill level 7 in Spellcasting
 12864 | Lair:1   | Reached skill level 6 in Invocations
 13258 | Lair:1   | Reached skill level 7 in Invocations
 13775 | Lair:1   | Acquired an amulet of magic regeneration
 13884 | Lair:1   | Reached skill level 8 in Spellcasting
 13884 | Lair:1   | Reached XP level 12. HP: 78/78 MP: 7/24
 14297 | Lair:1   | HP: 2/78 [cane toad (20)]
 14298 | Lair:1   | Mangled by a cane toad

Vanquished Creatures
  A hydra (D:10)
  A boulder beetle (D:8)
  A manticore (D:11)
  5 elephants (Lair:1)
  A kobold demonologist (D:9)
  2 cane toads (Lair:1)
  A rime drake (Lair:1)
  2 komodo dragons
  Maggie (D:6)
  Prince Ribbit (D:6)
  A troll (D:9)
  4 blink frogs (Lair:1)
  A shadow (D:11)
  A wraith (D:11)
  A wyvern (D:9)
  A vampire (D:11)
  9 yaks
  A basilisk (Lair:1)
  3 vampire mosquitoes (D:11)
  3 acid dragons
  11 water moccasins
  2 ice beasts
  10 orc warriors
  2 black bears (D:10)
  3 sky beasts
  4 ogres
  3 centaurs
  5 wolves (Lair:1)
  2 phantoms
  7 kobold brigands (Bailey)
  2 gnoll sergeants
  7 bullfrogs
  4 scorpions
  10 wights
  6 killer bees (D:10)
  2 howler monkeys (D:10)
  A bombardier beetle (D:4)
  3 jellies
  7 hounds
  7 orc priests
  A gnoll bouda (D:8)
  4 iguanas
  15 orc wizards
  18 gnolls
  6 adders
  4 white imps
  An ufetubus (D:6)
  2 dart slugs
  A ribbon worm (D:3)
  60 orcs
  6 endoplasms
  2 giant cockroaches (D:1)
  14 goblins
  7 hobgoblins
  6 jackals
  20 kobolds
  7 quokkas
  9 ball pythons
  4 bats (D:2)
  9 frilled lizards
  6 rats
  A spectral orc (D:8)
342 creatures vanquished.

Vanquished Creatures (collateral kills)
  Menkaure (D:5)
  2 orcs (D:7)
  A goblin (D:3)
  2 hobgoblins (D:3)
6 creatures vanquished.

Vanquished Creatures (others)
  An orc wizard (D:6)
1 creature vanquished.

Grand Total: 349 creatures vanquished

Table legend: (Time is in decaauts)
 A = Elapsed time spent in this place.
 B = Non-inter-level travel time spent in this place.
 C = Inter-level travel time spent in this place.
 D = Time resting spent in this place.
 E = Time spent auto-exploring this place.
 F = Levels seen in this place.
 G = Mean time per level.
                   A        B        C        D        E       F      G
               +--------+--------+--------+--------+--------+-----+--------+
         Total |  14555 |  14146 |    409 |   1955 |   9712 |  14 | 1039.6 |
       Dungeon |  12613 |  12257 |    356 |   1879 |   8274 |  12 | 1051.1 |
          Lair |   1570 |   1517 |     53 |     16 |   1259 |   1 | 1570.0 |
        Bailey |    371 |    371 |      0 |     60 |    179 |   1 |  371.0 |
               +--------+--------+--------+--------+--------+-----+--------+

Top non-repeatable levels by time:
     D:5: 1716 daAuts
     D:6: 1650 daAuts
  Lair:1: 1570 daAuts
     D:9: 1451 daAuts
     D:3: 1252 daAuts
     D:8: 1223 daAuts
     D:2: 1140 daAuts
     D:7: 1017 daAuts
    D:11: 1008 daAuts
     D:1: 862 daAuts
    D:10: 858 daAuts
     D:4: 430 daAuts
  Bailey: 371 daAuts
    D:12: 1 daAuts

Table legend:
 A = Non-vault XP
 B = Vault XP
 C = Vault XP percentage of total XP
 D = Non-vault monster count
 E = Vault monster count
 F = Vault count percentage of total count
                 A         B        C        D         E       F
            +---------+---------+-------+---------+---------+-------
      Total |   18264 |    5490 |  23.1 |     292 |      58 |  16.6
            +---------+---------+-------+---------+---------+-------
        D:1 |      43 |       0 |   0.0 |      24 |       0 |   0.0
        D:2 |     113 |       0 |   0.0 |      26 |       0 |   0.0
        D:3 |      65 |      24 |  27.0 |      27 |      13 |  32.5
        D:4 |     183 |       0 |   0.0 |      10 |       0 |   0.0
        D:5 |     733 |     169 |  18.7 |      32 |       1 |   3.0
        D:6 |    1285 |     960 |  42.8 |      27 |       6 |  18.2
        D:7 |     992 |      91 |   8.4 |      27 |       2 |   6.9
        D:8 |     955 |     830 |  46.5 |      22 |       7 |  24.1
        D:9 |    2918 |      88 |   2.9 |      28 |       1 |   3.4
       D:10 |    1807 |    2253 |  55.5 |      21 |      10 |  32.3
       D:11 |    2206 |       0 |   0.0 |      19 |       0 |   0.0
     Lair:1 |    6964 |       0 |   0.0 |      29 |       0 |   0.0
     Bailey |       0 |    1075 | 100.0 |       0 |      18 | 100.0
            +---------+---------+-------+---------+---------+-------
